cohdb
Replays
Latest Replays
All Replays
Popular Replays
Top Player Replays
Match Explorer
How It Works
Community
CoH3 Stats
Reddit
Sign in to upload your games and track your stats! →
Sign in with Steam
Match 40807652
Unlisted
Match 40807652
Overview
Messages
Build Orders
End
Construct Section Command Post
Selects Air and Sea Battlegroup
Royal Engineer Section
Vickers Machine Gun Team
ML 3-inch Mortar Team
Infantry Section
Vickers Machine Gun Team
Construct Platoon Command Post
Selects Commando Section Paradrop
Commando Section Paradrop
Grenade Package
6-pounder Anti-tank Gun Team
Infantry Section
Selects Naval Blockade
Construct Company Command Post
Unlock Bishop Self-propelled Artillery
Crusader II Medium Tank
Selects UNKNOWN (223837)
Unlock M3 Grant Medium Tanks
matjouz
Sarmynation
Gal
Shutikh
0
0
Comments
sign in to comment!
No comments posted yet!